 Dungeon Crawl Stone Soup version 0.22.1-1-ga44c0e56f4 (webtiles) character file.

1425 Jynx the Changer (level 8, -2/48 HPs)
             Began as an Octopode Transmuter on Oct 25, 2018.
             Was an Initiate of Ashenzari.
             Slain by a centaur
             ... wielding an uncursed staff of energy
              (16 damage)
             ... on level 6 of the Dungeon.
             The game lasted 00:13:58 (5682 turns).

Jynx the Changer (Octopode Transmuter)              Turns: 5682, Time: 00:13:58

Health: -2/48      AC:  2    Str:  9    XL:     8   Next: 72%
Magic:  13/15      EV: 24    Int: 16    God:    Ashenzari [......]
Gold:   217        SH:  4    Dex: 19    Spells: 0/17 levels left

rFire    . . .     SeeInvis .     - Unarmed
rCold    . . .     Gourm    .   (shield currently unavailable)
rNeg     . . .     Faith    .   (helmet currently unavailable)
rPois    x         Spirit   .   g - +4 amulet of reflection (curse)
rElec    .         Reflect  +   (no ring)
rCorr    .         Harm     .   (no ring)
MR       .....                  (no ring)
Stlth    ++........             (no ring)
HPRegen  0.16/turn              (no ring)
MPRegen  0.14/turn              (no ring)
                                (no ring)
                                (no ring)

@: spider-form
A: tiny, almost no armour, stealthy swim, (amphibious), 8 rings, (constrict 8)
a: End Transformation, Curse Item, Renounce Religion


You were on level 6 of the Dungeon.
You worshipped Ashenzari.
Ashenzari was noncommittal.
You were hungry.
You were a venomous arachnid creature.
You visited 2 branches of the dungeon, and saw 7 of its levels.

You collected 217 gold pieces.

Inventory:

Missiles
 a - 103 arrows
Jewellery
 g - a cursed +4 amulet of reflection (around neck)
 u - an uncursed ring of positive energy
Wands
 h - a wand of polymorph (7)
Scrolls
 d - 2 scrolls of immolation
 e - a scroll of teleportation
 f - a scroll of noise {unknown}
 j - a scroll of magic mapping {unknown}
 o - 2 scrolls of identify
 q - a scroll of amnesia {unknown}
 r - 5 scrolls of remove curse
 s - a scroll of blinking {unknown}
Potions
 b - 2 potions of mutation {unknown}
 i - a potion of haste {unknown}
 k - a potion of invisibility {unknown}
 l - 2 potions of flight {unknown}
 m - a potion of lignification {unknown}
 n - a potion of agility {unknown}
 p - 2 potions of curing {unknown}
Comestibles
 c - 12 rations


   Skills:
 - Level 1.0 Fighting
 + Level 5.4 Dodging
 - Level 3.0 Unarmed Combat
 + Level 5.0 Spellcasting
 * Level 7.6 Transmutations
 * Level 0.8 Ice Magic


You couldn't memorise any spells.
You knew the following spells:

 Your Spells              Type           Power        Failure   Level  Hunger
a - Beastly Appendage     Tmut           ####..       4%          1    None
b - Sticks to Snakes      Tmut           ####....     5%          2    #......
c - Spider Form           Tmut/Pois      ###.......   24%         3    ###....
d - Blade Hands           Tmut           ####......   38%         5    ######.
e - Swiftness             Chrm/Air       #.......     43%         2    #......
f - Ice Form              Ice/Tmut       ###.....     47%         4    ####...

Your spell library contained the following spells:

 Spells                   Type           Power        Failure   Level  Hunger
 Freeze                   Ice            #...         26%         1    None
 Shock                    Conj/Air       #...         34%         1    None
 Throw Frost              Conj/Ice       #.....       38%         2    #......
 Ozocubu's Armour         Chrm/Ice       #.......     58%         3    ###....
 Static Discharge         Conj/Air       #.......     63%         3    ###....
 Summon Ice Beast         Ice/Summ       #.......     90%         4    ####...
 Throw Icicle             Conj/Ice       #.......     90%         4    ####...
 Airstrike                Air            #.........   94%         4    ####...
 Lightning Bolt           Conj/Air       #.........   99%         5    ######.


Dungeon Overview and Level Annotations

Branches:
Dungeon (6/15)             Temple (1/1) D:4

Altars:
Ashenzari
Elyvilon
Fedhas
Gozag
Hepliaklqana
Kikubaaqudgha
Makhleb
Okawaru
Qazlal
Ru
Sif Muna
Uskayaw
Vehumet
Wu Jian
Yredelemnul
Zin

Shops:
D:5 *=!


Innate Abilities, Weirdness & Mutations

You cannot wear most types of armour.
You are very stealthy in the water. (Stealth+)
((You are amphibious.))
You can wear up to eight rings at the same time.
((You can use your tentacles to constrict eight enemies at once.))
((Your skin changes colour to match your surroundings (Stealth+).))
((Your rubbery body absorbs attacks. (AC +1, EV +1)))


Message History

You hit the centaur.
The centaur is moderately wounded.
You block the centaur's attack. The centaur misses you.
You hit the centaur but do no damage.
The centaur is moderately wounded.
The centaur hits you with a staff of energy.
The centaur closely misses you.
You hit the centaur.
The centaur looks as sick as possible!
The centaur is heavily wounded.
You block the centaur's attack. The centaur barely misses you.
You hit the centaur but do no damage.
The centaur looks as sick as possible!
The centaur is heavily wounded.
The centaur hits you with a staff of energy!
* * * LOW HITPOINT WARNING * * *
The centaur misses you. The centaur completely misses you.
The centaur closely misses you. The centaur barely misses you.
The centaur hits you with a staff of energy!
You die...

####................
......######.######
####### #.# #.# #.#
#.# # #.#
####.##.######
#..........s.#
#.##.##.####c#
#.#...###.##
#......#.).##
....#...#.###)#
..#####.##.# #.....#
# #.##.# #.###.#
#.###. .## #'# # #


You could see a centaur (berserk).

Vanquished Creatures
  Grinder (D:5)
  Menkaure (D:4)
  Duvessa (D:4)
  3 ogres
  A centaur (D:5)
  A bullfrog (D:6)
  Dowan (D:4)
  2 scorpions (D:5)
  2 hounds
  A jelly (D:6)
  An orc priest (D:4)
  4 iguanas
  4 worker ants
  3 gnolls (D:5)
  3 adders
  2 shadow imps (D:5)
  2 adder skeletons (D:4)
  An adder zombie (D:6)
  A dart slug (D:1)
  2 leopard geckos
  5 orcs
  9 giant cockroaches
  6 goblins
  3 hobgoblins
  6 quokkas
  4 bats
  4 frilled lizards
  A jackal skeleton (D:6)
  A jackal zombie (D:6)
  6 kobolds
  A quokka skeleton (D:6)
  4 rats
87 creatures vanquished.

Notes
Turn   | Place    | Note
-------+----------+-------------------------------------------
     0 | D:1      | Jynx the Octopode Transmuter began the quest for the Orb.
     0 | D:1      | Reached XP level 1. HP: 13/13 MP: 3/3
   247 | D:1      | Reached XP level 2. HP: 16/18 MP: 5/5
   791 | D:1      | Reached XP level 3. HP: 23/23 MP: 4/6
  1163 | D:2      | Reached skill level 3 in Transmutations
  1782 | D:3      | Learned a level 2 spell: Sticks to Snakes
  1786 | D:3      | Learned a level 3 spell: Spider Form
  1804 | D:3      | Reached XP level 4. HP: 6/28 MP: 1/7
  2197 | D:4      | Reached XP level 5. HP: 33/33 MP: 6/9
  2217 | D:4      | Reached skill level 4 in Transmutations
  2226 | D:4      | Noticed Menkaure
  2380 | D:4      | HP: 1/33 [Menkaure (15)]
  2385 | D:4      | HP: 1/33 [Menkaure (22)]
  2389 | D:4      | Killed Menkaure
  2389 | D:4      | Reached XP level 6. HP: 1/38 MP: 7/10
  2796 | D:4      | Found an ornate altar of the Wu Jian Council.
  2797 | D:4      | Found a basalt altar of Yredelemnul.
  2915 | D:4      | Found a staircase to the Ecumenical Temple.
  2918 | D:4      | Noticed Dowan
  2919 | D:4      | Noticed Duvessa
  2934 | D:4      | Killed Duvessa
  2934 | D:4      | Reached skill level 5 in Transmutations
  2953 | D:4      | Killed Dowan
  2953 | D:4      | Reached XP level 7. HP: 13/43 MP: 8/12
  3133 | Temple   | Entered the Ecumenical Temple
  3144 | Temple   | Became a worshipper of Ashenzari the Shackled
  3711 | D:4      | Found a hide-covered altar of Uskayaw.
  3803 | D:5      | Entered Level 5 of the Dungeon
  3892 | D:5      | Learned a level 5 spell: Blade Hands
  3895 | D:5      | Learned a level 2 spell: Swiftness
  3998 | D:5      | Found a basalt altar of Yredelemnul.
  4019 | D:5      | Found Zin's Purification Station.
  4024 | D:5      | Found a glowing silver altar of Zin.
  4066 | D:5      | Reached skill level 6 in Transmutations
  4155 | D:5      | Found Cude's Jewellery Shoppe.
  4245 | D:5      | Reached XP level 8. HP: 27/48 MP: 11/14
  4479 | D:5      | Found Wadetaus's Distillery.
  4842 | D:5      | Noticed Grinder
  4851 | D:5      | Killed Grinder
  4851 | D:5      | Reached skill level 5 in Dodging
  4851 | D:5      | Reached skill level 7 in Transmutations
  5424 | D:6      | Reached skill level 5 in Spellcasting
  5430 | D:6      | Learned a level 4 spell: Ice Form
  5682 | D:6      | Slain by a centaur

Skill      XL: |  1  2  3  4  5  6  7  8 |
---------------+-------------------------+-----
Transmutations | 3 4 5 6 7 |  7.6
Dodging        | 3 4 5 |  5.4
Spellcasting   | 3 4 5 |  5.0
Fighting       | |  1.0
Unarmed Combat | |  3.0
Ice Magic      | |  0.8

Action                   |  1- 3 |  4- 6 |  7- 9 || total
-------------------------+-------+-------+-------++-------
Melee: Unarmed           |    87 |    72 |   102 ||   261
       Constrict         |    24 |     7 |    15 ||    46
       Kick              |    17 |     8 |    14 ||    39
       Tentacles         |     9 |     6 |    12 ||    27
       Punch             |     1 |       |     1 ||     2
 Cast: Beastly Appendage |    27 |     6 |    11 ||    44
       Spider Form       |     1 |     3 |     8 ||    12
       Blade Hands       |       |       |     7 ||     7
Invok: Curse Item        |       |       |     1 ||     1
  Use: Scroll            |     2 |     2 |       ||     4
       Potion            |       |     4 |       ||     4
 Stab: Sleeping          |     6 |       |     1 ||     7
  Eat: Chunk             |     3 |     3 |     6 ||    12
       Ration            |       |       |     2 ||     2
Armor: Skin              |    10 |    23 |       ||    33
Dodge: Dodged            |    45 |    44 |    53 ||   142
Block: Other             |       |     6 |    10 ||    16
